 Dungeon Crawl Stone Soup version 0.31-a0-867-g9b2fd80f0c (webtiles) character file.

Game seed: 17671012884537604363

6354 Bnni the Jinx (level 11, -12/84 HPs)
             Began as a Formicid Hexslinger on Oct 10, 2023.
             Was a Believer of Lugonu.
             Killed from afar by a deep elf knight (16 damage)
             ... with a shard of ice
             ... on level 9 of the Dungeon on Oct 11, 2023.
             The game lasted 00:20:21 (10453 turns).

Bnni the Jinx (Formicid Hexslinger)                Turns: 10453, Time: 00:20:22

Health: -12/84     AC:  8    Str: 13    XL:     11   Next: 17%
Magic:  20/20      EV: 12    Int: 13    God:    Lugonu [**....]
Gold:   344        SH:  0    Dex: 20    Spells: 3/22 levels left

rFire   . . .        J - +0 shortbow
rCold   + . .        (no shield)
rNeg    . . .        I - +0 steam dragon scales
rPois   +            (helmet unavailable)
rElec   .            A - +0 cloak
rCorr   .            G - +1 pair of gloves
SInv    +            (no boots)
Will    .....        v - amulet of magic regeneration
Stlth   ++           z - ring of protection from cold
HPRegen 0.34/turn    B - ring of poison resistance
MPRegen 0.57/turn

%: no passive effects
@: weak-willed, jinxed
A: permanent stasis, dig shafts and tunnels, antennae 3, four strong arms
a: Dig, Shaft Self, Renounce Religion, Depart the Abyss, Banish


You were on level 9 of the Dungeon.
You worshipped Lugonu.
Lugonu was pleased with you.
You visited 2 branches of the dungeon, and saw 10 of its levels.
You visited the Abyss 2 times.

You collected 470 gold pieces.
You spent 126 gold pieces at shops.

Inventory:

Hand Weapons
 J - a +0 shortbow (weapon)
Missiles
 s - 8 poisoned darts
Armour
 A - a +0 cloak (worn)
 E - a +0 kite shield
 G - a +1 pair of gloves (worn)
 I - +0 steam dragon scales (worn)
Jewellery
 t - a ring of resist corrosion
 v - an amulet of magic regeneration (around neck)
 z - a ring of protection from cold (left hand)
 B - a ring of poison resistance (right hand)
Wands
 l - a wand of charming (17)
 n - a wand of polymorph (3)
 r - a wand of quicksilver (4)
 y - a wand of flame (40)
 H - a wand of roots (2)
Scrolls
 b - 2 scrolls of poison
 k - 2 scrolls of identify {unknown}
 p - a scroll of amnesia {unknown}
 x - a scroll of blinking {unknown}
 D - a scroll of fog {unknown}
 F - a scroll of revelation {unknown}
Potions
 a - a potion of lignification {unknown}
 c - a potion of attraction {unknown}
 d - 3 potions of curing {unknown}
 f - 3 potions of heal wounds
 g - a potion of berserk rage {unknown}
 h - a potion of might {unknown}
 i - a potion of haste {unknown}
 j - a potion of brilliance {unknown}
 m - 2 potions of cancellation {unknown}
 o - 2 potions of enlightenment {unknown}
 q - 4 potions of resistance {unknown}
 u - 3 potions of degeneration {unknown}
 w - a potion of invisibility {unknown}
 C - 2 potions of mutation {unknown}


   Skills:
 + Level 7.1 Fighting
 * Level 9.4 Ranged Weapons
 - Level 1.7 Dodging
 - Level 6.0 Spellcasting
 + Level 11.1 Hexes
 + Level 2.2 Translocations
 - Level 1.0 Fire Magic
 + Level 5.0 Invocations


You had 3 spell levels left.
You knew the following spells:

 Your Spells              Type           Power      Damage    Failure   Level
a - Jinxbite              Hex            64%        N/A       1%          2
b - Inner Flame           Hex/Fire       19%        N/A       4%          3
c - Dimensional Bullseye  Hex/Tloc       10%        N/A       11%         4
d - Cause Fear            Hex            16%        N/A       1%          4
f - Dazzling Flash        Conj/Hex       36%        N/A       5%          3
o - Sigil of Binding      Hex            32%        N/A       1%          3

Your spell library contained the following spells:

 Spells                   Type           Power      Damage    Failure   Level
 Apportation              Tloc           18%        N/A       7%          1
 Magic Dart               Conj           12%        1d3       17%         1
 Necrotise                Necr           12%        1d4       17%         1
 Summon Small Mammal      Summ           12%        N/A       17%         1
 Wereblood                Tmut           3%         N/A       26%         2
 Silence                  Hex/Air        9%         N/A       43%         5
 Airstrike                Air            1%         2d(1-17)  86%         4
 Agony                    Necr           3%         N/A       99%         5
 Alistair's Intoxication  Tmut/Pois      2%         N/A       99%         5
 Irradiate                Conj/Tmut      1%         3d12      99%         5
 Iskenderun's Battlesphe  Conj           3%         2d6       99%         5


Dungeon Overview and Level Annotations

Branches:
Dungeon (9/15)             Temple (1/1) D:4            Lair (0/5) D:8
    Orc: D:9-12

Altars:
Ashenzari
Cheibriados
Dithmenos
Elyvilon
Fedhas
Gozag
Hepliaklqana
Kikubaaqudgha
Nemelex Xobeh
Okawaru
Qazlal
Ru
Sif Muna
Trog
Uskayaw
Vehumet
Wu Jian
Xom
Yredelemnul
Zin
The Shining One

Shops:
D:6 **[


Innate Abilities, Weirdness & Mutations

You cannot be hasted, slowed, berserked, paralysed or teleported.
You can dig through walls and to a lower floor.
You have a pair of large antennae on your head. (SInv)
Your four strong arms can wield two-handed weapons with a shield.


Message History

Press: ? - help, Shift-Dir - straight line, f/p - deep elf knight
Aim: a deep elf knight, wielding a +0 short sword and wearing a +0 chain mail (moderately wounded, fast, slightly transparent, poisoned, chance to call a sprite on attack: 14%, 55% to hit)
You shoot an arrow. The arrow misses the deep elf knight.
Unknown command.
Aiming: Fastroot
Press: ? - help, Shift-Dir - straight line, f/p - deep elf knight
Aim: a deep elf knight, wielding a +0 short sword and wearing a +0 chain mail (moderately wounded, fast, slightly transparent, poisoned, chance to call a sprite on attack: 14%)
The roots erupt in riotous growth!
Roots grab the deep elf knight.
The grasping roots constrict the deep elf knight.
The deep elf knight casts a spell at you.
The shard of ice hits you!! You partially resist.
* * * LOW HITPOINT WARNING * * *
The deep elf knight casts a spell at you.
The shard of ice misses you.
Aiming: Quicksilver Bolt
Press: ? - help, Shift-Dir - straight line, f/p - deep elf knight
Aim: a deep elf knight, wielding a +0 short sword and wearing a +0 chain mail (heavily wounded, fast, slightly transparent, poisoned, constricted by roots, chance to call a sprite on attack: 14%, 98% to hit)
The bolt of dispelling energy hits the deep elf knight!
The deep elf knight is heavily wounded.
The deep elf knight's magical effects unravel!
The grasping roots constrict the deep elf knight, but do no damage.
The roots release their grip on the deep elf knight.
The deep elf knight casts a spell.
The deep elf knight seems to speed up.
Unknown command.
Aiming: Quicksilver Bolt
Press: ? - help, Shift-Dir - straight line, f/p - deep elf knight
Aim: a deep elf knight, wielding a +0 short sword and wearing a +0 chain mail (heavily wounded, fast, poisoned, chance to call a sprite on attack: 14%, 53% to hit)
The bolt of dispelling energy misses the deep elf knight.
The deep elf knight looks more healthy.
Aiming: Quicksilver Bolt
Press: ? - help, Shift-Dir - straight line, f/p - deep elf knight
Aim: a deep elf knight, wielding a +0 short sword and wearing a +0 chain mail (heavily wounded, fast, chance to call a sprite on attack: 14%, 53% to hit)
The bolt of dispelling energy hits the deep elf knight!
The deep elf knight is severely wounded.
The deep elf knight's magical effects unravel!
The deep elf knight casts a spell at you.
The shard of ice hits you! You partially resist.
You die...

#....############## .#
##................##.#
....#############....#
###.#####.# ##...###
.........)# #.....#
....######### #.....######
.#......##...##.....##...##
.#.#...##.....#.....#.....#
.#.#...##..(e.'.@8..).....#
.#.#.#..#.....#.....#.....#
..[.....##...##.....##...##
##.#....##### ###'########
##.###..#.# ##...## ##.#
##...# #.....# .#.# #..>#
#.....# .#.# ##### #.....#
.#.# #######)[[######


You could see a deep elf knight.

Vanquished Creatures
  Pikel (D:7)
  A deep elf pyromancer (D:9)
  Jeremiah (D:6)
  2 hornets
  A wraith (D:8)
  A wyvern (D:9)
  Grum (D:8)
  5 yaks (D:8)
  A steam dragon (D:8)
  3 water moccasins
  2 black bears
  4 ice beasts
  3 orc warriors
  An ogre (D:6)
  3 wolves (D:8)
  A centaur (D:9)
  A lemure (D:7)
  A kobold brigand (D:8)
  A phantom (D:5)
  2 bullfrogs
  A gnoll sergeant (D:6)
  5 scorpions
  4 wights (D:7)
  A killer bee (D:9)
  2 howler monkeys (D:8)
  5 hounds
  2 jellies
  11 orc priests
  3 iguanas
  A sleepcap (D:7)
  4 orc wizards
  9 gnolls (D:6)
  12 adders
  3 shadow imps
  A white imp (D:7)
  3 ufetubi
  2 worms
  A dart slug (D:1)
  31 orcs
  9 ball pythons
  6 endoplasms
  2 giant cockroaches (D:3)
  11 goblins
  6 hobgoblins
  6 jackals
  3 quokkas
  6 bats
  3 frilled lizards
  10 kobolds
  2 rats
201 creatures vanquished.

Vanquished Creatures (others)
  An orc wizard (D:6)
1 creature vanquished.

Grand Total: 202 creatures vanquished

Notes
Turn   | Place    | Note
-------+----------+-------------------------------------------
     0 | D:1      | Bnni the Formicid Hexslinger began the quest for the Orb.
     0 | D:1      | Reached XP level 1. HP: 15/15 MP: 2/2
   184 | D:1      | Reached XP level 2. HP: 21/21 MP: 3/3
   190 | D:1      | Learned a level 2 spell: Jinxbite
   377 | D:1      | Reached skill level 4 in Hexes
   539 | D:1      | Reached XP level 3. HP: 26/26 MP: 5/5
   850 | D:2      | Found a glowing golden altar of the Shining One.
   996 | D:2      | Reached XP level 4. HP: 33/33 MP: 6/6
  1314 | D:2      | Learned a level 4 spell: Cause Fear
  1803 | D:3      | Reached XP level 5. HP: 38/38 MP: 4/8
  1924 | D:3      | Reached skill level 5 in Hexes
  2237 | D:3      | Reached XP level 6. HP: 46/46 MP: 9/9
  2359 | D:3      | Learned a level 3 spell: Inner Flame
  2942 | D:4      | HP: 1/46 [acid (8)]
  3299 | D:4      | Reached XP level 7. HP: 23/52 MP: 5/10
  3305 | D:4      | Reached skill level 6 in Hexes
  3813 | D:4      | Found a staircase to the Ecumenical Temple.
  3995 | Temple   | Entered the Ecumenical Temple
  4393 | D:5      | Entered Level 5 of the Dungeon
  4906 | D:5      | Reached skill level 5 in Ranged Weapons
  4906 | D:5      | Reached XP level 8. HP: 57/59 MP: 9/12
  4910 | D:5      | Learned a level 3 spell: Sigil of Binding
  5014 | D:5      | Reached skill level 7 in Hexes
  5801 | D:6      | Reached skill level 8 in Hexes
  5881 | D:6      | Found Iniule's Armour Shoppe.
  5891 | D:6      | Bought a +0 pair of gloves for 63 gold pieces
  5891 | D:6      | Bought a +0 cloak for 63 gold pieces
  5987 | D:6      | Reached XP level 9. HP: 66/66 MP: 15/15
  5992 | D:6      | Learned a level 4 spell: Dimensional Bullseye
  6027 | D:6      | Noticed Jeremiah
  6037 | D:6      | Killed Jeremiah
  6097 | D:6      | Found Ilipp's General Store.
  6099 | D:6      | Found Fodiegg's Specific Store.
  6159 | D:6      | Reached skill level 5 in Fighting
  6184 | Abyss:1  | Cast into level 1 of the Abyss (orc wizard)
  6185 | Abyss:1  | Found a corrupted altar of Lugonu.
  6248 | Abyss:2  | Found a corrupted altar of Lugonu.
  6249 | Abyss:2  | Noticed a sixfirhy
  6275 | Abyss:2  | Became a worshipper of Lugonu the Unformed
  6275 | Abyss:2  | Reached * piety under Lugonu
  6275 | Abyss:2  | Reached ** piety under Lugonu
  6276 | D:6      | Escaped the Abyss
  6301 | Abyss:2  | Cast into level 2 of the Abyss (orc wizard)
  6355 | Abyss:2  | Noticed a smoke demon
  6356 | D:6      | Escaped the Abyss
  6385 | D:6      | Reached skill level 9 in Hexes
  6473 | D:6      | Found a hazy altar of Hepliaklqana.
  6522 | D:6      | Reached skill level 1 in Invocations
  7148 | D:7      | Noticed Pikel
  7169 | D:7      | Killed Pikel
  7170 | D:7      | Reached skill level 5 in Spellcasting
  7170 | D:7      | Reached XP level 10. HP: 27/76 MP: 15/17
  7915 | D:7      | Reached skill level 10 in Hexes
  8017 | D:7      | Got a colourful book
  8492 | D:8      | Learned a level 3 spell: Dazzling Flash
  8716 | D:8      | Noticed Grum
  8723 | D:8      | Killed Grum
  8806 | D:8      | Reached skill level 1 in Translocations
  9092 | D:8      | Found a staircase to the Lair.
  9104 | D:8      | Found an ornate altar of the Wu Jian Council.
  9511 | D:9      | Found an opulent altar of Gozag.
  9512 | D:9      | Found an opulent altar of Gozag.
  9512 | D:9      | Found an opulent altar of Gozag.
  9547 | D:9      | Found a glowing silver altar of Zin.
  9552 | D:9      | Found an ancient bone altar of Kikubaaqudgha.
  9557 | D:9      | Found a radiant altar of Vehumet.
  9563 | D:9      | Found a white marble altar of Elyvilon.
  9563 | D:9      | Found a sacrificial altar of Ru.
  9563 | D:9      | Found a glowing golden altar of the Shining One.
  9576 | D:9      | Reached XP level 11. HP: 64/83 MP: 20/20
 10126 | D:9      | Found a bloodstained altar of Trog.
 10226 | D:9      | Reached skill level 11 in Hexes
 10247 | D:9      | Noticed a deep elf pyromancer
 10259 | D:9      | Killed a deep elf pyromancer
 10260 | D:9      | Reached skill level 5 in Invocations
 10441 | D:9      | Noticed a deep elf knight
 10442 | D:9      | Upgraded the game from 0.31-a0-859-g9dce7d3444 to
                  | 0.31-a0-867-g9b2fd80f0c
 10450 | D:9      | HP: 3/84 [deep elf knight/shard of ice (19)]
 10453 | D:9      | Killed from afar by a deep elf knight

Illustrated notes

Levels and vault maps discovered:
D:1:      dpeg_arrival_erosion, layout_loops_ring, chequers_garden
D:2:      layout_loops_corners, basic_altar
D:3:      layout_basic, minivault_4, minivault_4, grunt_ministairs_2,
          kennysheep_decorative_pillar
D:4:      layout_basic, minmay_temple_entry_overgrown, small_statue_intersection
D:5:      layout_loops_ring, grunt_ministairs_8, kennysheep_potato
D:6:      layout_loops_ring, overflow_temple_1_default, serial_shops, shop,
          grunt_ministairs_6, nicolae_specific_store, uniq_jeremiah
D:7:      layout_basic, uniq_pikel
D:8:      layout_cave_pools, nzn_wu_jian_contemplation, lair_entry_dummy,
          uniq_grum
D:9:      layout_basic, lemuel_round_altar, grunt_temple_overflow_open,
          nicolae_gozag_conspicuous_consumption, minmay_three_doors
Temple:   nicolae_temple_bog_church

Skill      XL: |  1  2  3  4  5  6  7  8  9 10 11 |
---------------+----------------------------------+-----
Hexes          | 4 5 6 8 9 10 11 | 11.1
Fighting       | 2 3 4 5 6 7 |  7.1
Ranged Weapons | 3 4 5 6 7 9 |  9.4
Spellcasting   | 2 3 4 5 6 |  6.0
Invocations    | 2 4 5 |  5.0
Translocations | 1 2 |  2.2
Dodging        | |  1.7
Fire Magic     | |  1.0

Action                     |  1- 3 |  4- 6 |  7- 9 | 10-12 || total
---------------------------+-------+-------+-------+-------++-------
   Fire: Sling             |    70 |   186 |   330 |   266 ||   852
         Shortbow          |       |       |       |    24 ||    24
  Throw: Dart              |       |       |       |     2 ||     2
         Throwing net      |       |       |       |     1 ||     1
   Cast: Jinxbite          |     1 |     9 |    36 |    24 ||    70
         Cause Fear        |       |       |     3 |     5 ||     8
         Inner Flame       |       |       |     5 |     3 ||     8
         Dimensional Bulls |       |       |     1 |     3 ||     4
         Sigil of Binding  |       |       |     1 |     2 ||     3
         Dazzling Flash    |       |       |       |     3 ||     3
 Invoke: Depart the Abyss  |       |       |     2 |       ||     2
Ability: Dig               |       |       |     1 |     1 ||     2
  Evoke: Wand              |       |       |       |     6 ||     6
    Use: Scroll            |       |       |     2 |       ||     2
         Potion            |       |       |     1 |       ||     1
 Armour: Robe              |    18 |    57 |   149 |    90 ||   314
         Steam dragon scal |       |       |       |    43 ||    43
  Dodge: Dodged            |    25 |    45 |   129 |   104 ||   303

Table legend: (Time is in decaauts)
 A = Elapsed time spent in this place.
 B = Non-inter-level travel time spent in this place.
 C = Inter-level travel time spent in this place.
 D = Time resting spent in this place.
 E = Time spent auto-exploring this place.
 F = Levels seen in this place.
 G = Mean time per level.
                   A        B        C        D        E       F      G
               +--------+--------+--------+--------+--------+-----+--------+
         Total |  10541 |  10383 |    158 |   1695 |   6942 |  13 |  810.8 |
       Dungeon |  10393 |  10235 |    158 |   1642 |   6942 |   9 | 1154.8 |
        Temple |      1 |      1 |      0 |      0 |      0 |   1 |    1.0 |
         Abyss |    146 |    146 |      0 |     53 |      0 |   3 |   48.7 |
               +--------+--------+--------+--------+--------+-----+--------+

Top non-repeatable levels by time:
     D:4: 1744 daAuts
     D:6: 1401 daAuts
     D:3: 1202 daAuts
     D:9: 1137 daAuts
     D:8: 1094 daAuts
     D:5: 1061 daAuts
     D:2: 1023 daAuts
     D:7: 928 daAuts
     D:1: 797 daAuts
 Abyss:2: 88 daAuts
 Abyss:1: 57 daAuts
  Temple: 1 daAuts
